 Dungeon Crawl Stone Soup version 0.28.0-1-gb440e238dd (webtiles) character file.

Game seed: 5752815738588739604

373 issech the Cudgeller (level 6, 0/61 HPs)
             Began as a Troll Monk on Feb 24, 2022.
             Splashed by a jelly's acid (9 damage)
             ... on level 3 of the Dungeon.
             The game lasted 00:11:18 (3532 turns).

issech the Cudgeller (Troll Monk)                   Turns: 3532, Time: 00:11:19

Health: 0/61       AC: -8    Str: 20    XL:     6   Next: 43%
Magic:  14/14      EV: 15    Int:  6    God:
Gold:   204        SH:  0    Dex: 14    Spells: 5/5 levels left

rFire   . . .      SeeInvis .   a - +0 mace
rCold   . . .      Faith    .   (no shield)
rNeg    . . .      Spirit   .   b - +0 robe
rPois   .          Reflect  .   (helmet restricted)
rElec   .          Harm     .   (no cloak)
rCorr   .          Rampage  .   (gloves unavailable)
Will    .....                   (boots unavailable)
Stlth   ++........              (no amulet)
HPRegen 1.00/turn               r - ring of magical power
MPRegen 0.14/turn               v - +4 ring of evasion

@: corroded
A: large, unfitting armour, claws 3, regeneration 1, shaggy fur 1, tough skin 1
a: no special abilities


You were on level 3 of the Dungeon.
You visited 1 branch of the dungeon, and saw 4 of its levels.

You collected 204 gold pieces.

Inventory:

Hand Weapons
 a - a +0 mace (weapon)
 t - a +0 triple sword
Missiles
 k - 127 stones (quivered)
 m - 17 bolts
 n - 33 arrows
Armour
 b - a +0 robe (worn)
Jewellery
 r - a ring of magical power (left claw)
 v - a +4 ring of evasion (right claw)
Wands
 q - a wand of flame (45)
Scrolls
 d - a scroll of enchant weapon {unknown}
 e - a scroll of fear {unknown}
 i - 2 scrolls of amnesia {unknown}
 p - 2 scrolls of blinking {unknown}
 s - a scroll of identify {unknown}
 u - a scroll of torment {unknown}
Potions
 c - a potion of magic {unknown}
 f - 3 potions of curing {unknown}
 g - a potion of lignification {unknown}
 h - a potion of ambrosia {unknown}
 j - a potion of heal wounds {unknown}
 l - a potion of mutation {unknown}
 o - a potion of might {unknown}


   Skills:
 + Level 3.4 Fighting
 + Level 4.5 Maces & Flails
 + Level 4.2 Dodging
 + Level 1.3 Stealth


You had 5 spell levels left.
You didn't know any spells.
Your spell library was empty.

Dungeon Overview and Level Annotations

Branches:
Dungeon (4/15)
 Temple: D:4-7

Altars:
Dithmenos
Ru

Shops:
D:4 =

Annotations:
D:4 Grinder


Innate Abilities, Weirdness & Mutations

You are too large for most types of armour.
You have claws for hands.
Your natural rate of healing is unusually fast.
You are covered in fur. (AC +1)
You have tough skin. (AC +1)


Message History

The jelly barely misses you.
There is an open door here.
The jelly misses you.
There is an open door here.
You sock the jelly!
Your claws burn!
The jelly is heavily wounded.
The jelly closely misses you.
You barely miss the jelly.
The jelly is heavily wounded.
The jelly barely misses you.
You hit the jelly.
Your claws burn!
The jelly is heavily wounded.
The jelly barely misses you. The jelly closely misses you.
You hit the jelly.
Your claws burn!
The jelly is severely wounded.
The jelly closely misses you.
You hit the jelly but do no damage.
Your claws burn!
The jelly is severely wounded.
The jelly jiggles.
The jelly hits you. The acid corrodes you!
You are splashed with acid!
You hit the jelly.
Your claws burn!
The jelly is almost dead.
The jelly misses you.
You hit the jelly but do no damage. The acid corrodes you!
Your claws burn!
The jelly is almost dead.
The jelly misses you.
You hit the jelly but do no damage.
Your claws burn!
The jelly is almost dead.
The jelly hits you.
You are splashed with acid!
You hit the jelly but do no damage.
Your claws burn!
* * * LOW HITPOINT WARNING * * *
The jelly is almost dead.
The jelly hits you.
* * * LOW HITPOINT WARNING * * *
You are splashed with acid!
* * * LOW HITPOINT WARNING * * *
The jelly hits you.
* * * LOW HITPOINT WARNING * * *
The acid corrodes you!
You are splashed with acid!
You die...

#.......#.#
#.......#'####
#.......)....#
####...).....#
#.........####
#.........'..#
#.........##.#
####.#'#####.#
#...##.@J.########
#...##.##.##[....#
#...##.#####.###.#
#...##.......# #.#
#...############.##
#.#>..............#
#[#################
#.# ##########.#


You could see a jelly.

Vanquished Creatures
  An ice beast (D:4)
  A scorpion (D:4)
  An iguana (D:4)
  Ijyb (D:4)
  8 adders
  A gnoll (D:1)
  A white imp (D:3)
  A worm (D:3)
  3 dart slugs
  5 orcs (D:3)
  5 bats
  5 endoplasms
  5 hobgoblins
  14 jackals
  3 quokkas
  4 ball pythons
  2 frilled lizards
  6 goblins
  6 kobolds
  5 rats
78 creatures vanquished.

Vanquished Creatures (others)
  9 plants (D:3)
9 creatures vanquished.

Grand Total: 87 creatures vanquished

Notes
Turn   | Place    | Note
-------+----------+-------------------------------------------
     0 | D:1      | issech the Troll Monk began the quest for the Orb.
     0 | D:1      | Reached XP level 1. HP: 22/22 MP: 0/0
   178 | D:1      | Reached XP level 2. HP: 28/29 MP: 1/1
   483 | D:1      | Reached XP level 3. HP: 33/36 MP: 2/2
  1209 | D:2      | Reached XP level 4. HP: 44/44 MP: 3/3
  1507 | D:2      | Found a faded altar of an unknown god.
  1904 | D:3      | Reached XP level 5. HP: 51/53 MP: 4/4
  2129 | D:3      | Found a shadowy altar of Dithmenos.
  2140 | D:3      | Found a sacrificial altar of Ru.
  2868 | D:4      | Found Gyugul's Jewellery Shoppe.
  2875 | D:4      | Noticed Grinder
  2904 | D:4      | Paralysed by Grinder for 7 turns
  2938 | D:4      | Paralysed by Grinder for 3 turns
  3349 | D:4      | Noticed an ice beast
  3370 | D:4      | Killed an ice beast
  3371 | D:4      | Reached XP level 6. HP: 61/61 MP: 5/5
  3381 | D:4      | Noticed Ijyb
  3396 | D:4      | Killed Ijyb
  3532 | D:3      | Splashed by a jelly's acid

Illustrated notes

Levels and vault maps discovered:
D:1:      dpeg_arrival_pits, layout_loops_ring
D:2:      layout_basic, shapermc_ecumenical_altar_pompeii
D:3:      layout_basic, grunt_dithmenos_smoke,
          mainiacjoe_overflow_surrounded_room, serial_bayou_crossing
D:4:      layout_gridville, serial_shops, nicolae_shop_hallway_plus,
          uniq_grinder, uniq_ijyb

Skill      XL: |  1  2  3  4  5 |
---------------+----------------+-----
Maces & Flails | 3 4 |  4.5
Dodging        | 3 4 |  4.2
Fighting       | 3 |  3.4
Stealth        | |  1.3

Action                   |  1- 3 |  4- 6 || total
-------------------------+-------+-------++-------
Melee: Mace              |   138 |   237 ||   375
       Punch             |       |     1 ||     1
Armor: Robe              |   105 |    58 ||   163
Dodge: Dodged            |   144 |   154 ||   298
